 Dungeon Crawl Stone Soup version 0.22-a0-322-g60b3cfd402 (webtiles) character file.

1712 Oravi the Transmogrifier (level 9, -4/61 HPs)
             Began as a Merfolk Transmuter on Apr 2, 2018.
             Was an Initiate of Qazlal.
             Slain by an orc warrior
             ... wielding a +0 halberd
              (16 damage)
             ... on level 5 of the Dungeon.
             The game lasted 00:31:57 (7051 turns).

Oravi the Transmogrifier (Merfolk Transmuter)       Turns: 7051, Time: 00:31:58

Health: -4/61      AC:  0    Str: 11    XL:     9   Next: 4%
Magic:  6/14       EV: 15    Int: 20    God:    Qazlal [......]
Gold:   384        SH:  0    Dex: 14    Spells: 4/14 levels left

rFire    . . .     SeeInvis .     - Unarmed
rCold    . . .     Gourm    .   (no shield)
rNeg     . . .     Faith    .   b - +1 robe
rPois    .         Spirit   .   (no helmet)
rElec    .         Reflect  .   (no cloak)
rCorr    .         Harm     .   r - +0 pair of gloves
MR       +....                  (no boots)
Stlth    +.........             (no amulet)
HPRegen  0.20/turn              e - +5 ring of intelligence
MPRegen  0.14/turn              g - ring of protection from magic

@: corroded
A: change form in water, swift swim, stealthy swim
a: Renounce Religion


You were on level 5 of the Dungeon.
You worshipped Qazlal.
Qazlal was noncommittal.
You were not hungry.

You visited 2 branches of the dungeon, and saw 7 of its levels.
You also visited: Sewer.

You collected 384 gold pieces.

Inventory:

Missiles
 a - 104 arrows
Armour
 b - a +1 robe (worn)
 r - a +0 pair of gloves (worn)
Jewellery
 e - a +5 ring of intelligence (left hand)
 g - a ring of protection from magic (right hand)
 p - an uncursed amulet of faith
Wands
 c - a wand of acid (12)
Scrolls
 f - a scroll of enchant armour
 i - 2 scrolls of identify
 k - a scroll of magic mapping {unknown}
 l - 2 scrolls of remove curse
 q - a scroll of blinking
Potions
 m - a potion of flight
 n - 3 potions of brilliance
 o - a potion of magic
Comestibles
 d - 5 rations


   Skills:
 + Level 2.2 Fighting
 + Level 5.0 Dodging
 + Level 7.1 Unarmed Combat
 + Level 3.4 Spellcasting
 + Level 10.1 Transmutations
 + Level 3.3 Poison Magic


You had 4 spell levels left.
You knew the following spells:

 Your Spells              Type           Power        Failure   Level  Hunger
a - Beastly Appendage     Tmut           #####.       1%          1    None
b - Sticks to Snakes      Tmut           #####...     1%          2    ##.....
c - Spider Form           Tmut/Pois      ####......   2%          3    ###....
d - Ice Form              Ice/Tmut       ###.....     17%         4    ####...


Dungeon Overview and Level Annotations

Branches:
Dungeon (6/15)             Temple (1/1) D:5

Altars:
Ashenzari
Cheibriados
Dithmenos
Elyvilon
Fedhas
Gozag
Kikubaaqudgha
Makhleb
Nemelex Xobeh
Okawaru
Qazlal
Ru
Sif Muna
Trog
Uskayaw
Vehumet
Xom
Yredelemnul
Zin
The Shining One

Annotations:
D:5 ice beast
D:6 up here


Message History

Your water moccasin bites the rust devil.
The orc warrior hits you with a halberd!
The rust devil hits you!
* * * LOW HITPOINT WARNING * * *
The rust devil corrodes you!
It was a potion of cancellation.
Your magical effects are unravelling.
You feel magically purged.
You warm up again.
Your +0 pair of gloves unmelds from your body.
Your +1 robe unmelds from your body.
You are no longer corroded.
Your water moccasin bites the rust devil.
The rust devil hits you.
* * * LOW HITPOINT WARNING * * *
The rust devil corrodes you!
Your adder bites the orc warrior but does no damage.
Your adder barely misses the rust devil.
The orc warrior hits you with a halberd!
You die...

# #.# #...# ##........####≈.. #
#.#####.#.###...........#..≈≈ #
#..........##.#.###.#####..## ##
####...###....#......# #.≈≈≈ .#
#..### ###..#####..#####≈≈≈
.######.##)#+#)##.#..........####
........#♣....S♣#...###########..
######.##......4##..##### #.S.
###..# ...8.So@#......######.##
#....##.....S.##.####.#........
#.....#♣.....♣#..# #.#.####.##
#.....##)#+#)##.## #.#.#......
#......### ###..# #.#.#.##.##
#........###...## #.#.#.#...#
###.####.....### #......._.. #.#
#####.# ###.#.#...# #.# #.#
#.#.##.##


You could see a rust devil, an orc warrior, a friendly water moccasin and 2
friendly adders.

Vanquished Creatures
  A rust devil (D:6)
  4 ogres
  2 orc warriors (D:6)
  An ice beast (D:6)
  A phantom (D:4)
  A crocodile (Sewer)
  A bullfrog (D:6)
  2 scorpions (D:6)
  A crimson imp (D:5)
  A hound (D:4)
  A jelly (D:6)
  An orc priest (D:3)
  An orc wizard (D:6)
  A bullfrog skeleton (D:5)
  Terence (D:3)
  Natasha (D:2)
  2 worker ants
  Robin (D:3)
  A howler monkey zombie (D:5)
  2 adders
  2 shadow imps
  An ooze (D:2)
  2 worms
  An adder skeleton (D:6)
  3 dart slugs
  8 leopard geckos
  10 orcs
  2 ball pythons
  9 bats
  8 giant cockroaches
  17 goblins
  6 hobgoblins
  9 jackals
  7 kobolds
  A quokka (D:3)
  8 frilled lizards
  2 quokka skeletons (D:4)
  8 rats
131 creatures vanquished.

Notes
Turn   | Place    | Note
-------+----------+-------------------------------------------
     0 | D:1      | Oravi the Merfolk Transmuter began the quest for the Orb.
     0 | D:1      | Reached XP level 1. HP: 15/15 MP: 3/3
     8 | D:1      | Found a shattered altar of Ashenzari.
    36 | D:1      | Reached skill level 3 in Transmutations
    94 | D:1      | Reached XP level 2. HP: 16/21 MP: 3/5
   185 | D:1      | Reached skill level 4 in Transmutations
   615 | D:1      | Reached XP level 3. HP: 22/26 MP: 4/6
   798 | D:1      | Learned a level 2 spell: Sticks to Snakes
   802 | D:1      | Learned a level 3 spell: Spider Form
   888 | D:2      | Noticed an ogre
   997 | D:2      | Reached skill level 5 in Transmutations
  1273 | D:2      | Killed an ogre
  1273 | D:2      | Reached skill level 6 in Transmutations
  1273 | D:2      | Reached XP level 4. HP: 26/32 MP: 4/7
  1273 | D:2      | Reached XP level 5. HP: 30/37 MP: 4/8
  1733 | D:2      | Noticed Natasha
  1738 | D:2      | Killed Natasha
  1738 | D:2      | Reached skill level 7 in Transmutations
  2384 | D:3      | Reached skill level 1 in Poison Magic
  2634 | D:3      | Noticed Terence
  2642 | D:3      | Killed Terence
  2642 | D:3      | Reached XP level 6. HP: 39/43 MP: 5/9
  2682 | D:3      | Noticed Robin
  2685 | D:3      | Reached skill level 8 in Transmutations
  2707 | D:3      | HP: 2/43 [poisoned by Robin]
  2709 | D:3      | Killed Robin
  3386 | D:4      | Found a snail-covered altar of Cheibriados.
  3465 | D:4      | Noticed a phantom
  3716 | D:4      | Killed a phantom
  3716 | D:4      | Reached skill level 9 in Transmutations
  3716 | D:4      | Reached XP level 7. HP: 22/48 MP: 8/10
  4134 | D:4      | Found a sparkling altar of Nemelex Xobeh.
  4301 | D:5      | Entered Level 5 of the Dungeon
  4314 | D:5      | Found a staircase to the Ecumenical Temple.
  4396 | Temple   | Entered the Ecumenical Temple
  4461 | Temple   | Became a worshipper of Qazlal Stormbringer
  4856 | D:5      | Found a glowing drain.
  4875 | Sewer    | Entered a sewer
  5020 | D:5      | Found a white marble altar of Elyvilon.
  5052 | D:5      | Found a sacrificial altar of Ru.
  5677 | D:6      | Reached XP level 8. HP: 34/54 MP: 7/12
  5692 | D:6      | Found a bloodstained altar of Trog.
  5699 | D:6      | Reached skill level 5 in Unarmed Combat
  5799 | D:6      | Reached * piety under Qazlal
  5940 | D:6      | HP: 2/55 [orc warrior/scimitar (26)]
  6729 | D:5      | Noticed a rust devil
  6729 | D:5      | Noticed a rust devil
  6748 | D:6      | Reached skill level 10 in Transmutations
  6760 | D:6      | Killed a rust devil
  6760 | D:6      | Reached skill level 5 in Dodging
  6760 | D:6      | Reached XP level 9. HP: 16/61 MP: 12/14
  6995 | D:6      | Learned a level 4 spell: Ice Form
  7051 | D:5      | Slain by an orc warrior

Vault maps used:
D:1:      dpeg_arrival_tiny_g, minmay_misc_feat_ornament, ashenzari_altar_1
D:2:      kennysheep_decorative_pillar, uniq_natasha
D:3:      uniq_terence, uniq_robin
D:4:      lemuel_upstairs_altar, nicolae_overflow_crystal_walls,
          cheibriados_altar_1
D:5:      cheibrodos_iron_armory, elyvilon_altar_1,
          minmay_temple_entry_butterflies, first_ration, gup_sewer_entry_pipe,
          nicolae_ru_sacrificial_ziggurat
D:6:      lemuel_crystal_altar, serial_bayou_pond_b
Temple:   eino_temple_rhombus
Sewer:    sewer_big_baddie

Skill      XL: |  1  2  3  4  5  6  7  8 |
---------------+-------------------------+-----
Transmutations | 3 4 6 7 9 10 | 10.1
Poison Magic   | 1 2 3 |  3.3
Unarmed Combat | 4 7 |  7.1
Dodging        | 3 5 |  5.0
Spellcasting   | 3 |  3.4
Fighting       | 2 |  2.2

Action                   |  1- 3 |  4- 6 |  7- 9 || total
-------------------------+-------+-------+-------++-------
Melee: Unarmed           |   108 |   171 |   235 ||   514
       Headbutt          |     7 |     8 |     7 ||    22
       Punch             |     2 |       |     1 ||     3
       Tailslap          |       |       |     1 ||     1
 Cast: Beastly Appendage |    18 |    16 |     8 ||    42
       Spider Form       |     1 |     9 |    16 ||    26
       Sticks to Snakes  |       |       |     3 ||     3
       Ice Form          |       |       |     1 ||     1
  Use: Scroll            |     1 |     4 |     8 ||    13
       Potion            |       |     6 |     5 ||    11
 Stab: Sleeping          |     1 |       |       ||     1
  Eat: Chunk             |     1 |     9 |     9 ||    19
       Ration            |       |       |     2 ||     2
Armor: Robe              |    15 |    26 |    12 ||    53
       Skin              |       |     5 |     8 ||    13
Dodge: Dodged            |    76 |   116 |   181 ||   373
Block: Other             |       |       |     3 ||     3

Table legend:
 A = Spawn XP
 B = Non-spawn XP
 C = Spawn XP percentage of total XP
 D = Spawn monster count
 E = Non-spawn monster count
 F = Spawn count percentage of total count
 G = Total turns spent on level
                    A         B        C        D         E        F      G
               +---------+---------+-------+---------+---------+-------+---------
         Total |       0 |    2447 |   0.0 |       0 |     131 |   0.0 |  7051
               +---------+---------+-------+---------+---------+-------+---------
           D:1 |       0 |      37 |   0.0 |       0 |      19 |   0.0 |   891
           D:2 |       0 |     197 |   0.0 |       0 |      20 |   0.0 |   978
           D:3 |       0 |     200 |   0.0 |       0 |      34 |   0.0 |  1645
           D:4 |       0 |     208 |   0.0 |       0 |      17 |   0.0 |   787
           D:5 |       0 |     263 |   0.0 |       0 |      15 |   0.0 |  1050
           D:6 |       0 |    1426 |   0.0 |       0 |      20 |   0.0 |  1413
         Sewer |       0 |     116 |   0.0 |       0 |       6 |   0.0 |   120
               +---------+---------+-------+---------+---------+-------+---------
